 Dungeon Sprint DCSS version 0.23-a0-814-g91b4073 (webtiles) character file.

50185 Lanoc the Demonic Blade (level 14, -21/128 HPs)
             Began as a Demonspawn Monk on Jan 21, 2019.
             Was the Champion of Cheibriados.
             Killed from afar by a frost giant (36 damage)
             ... with a bolt of cold
             ... in the Dungeon (Sprint IX: "|||||||||||||||||||||||||||||").
             The game lasted 00:20:47 (4678 turns).

Lanoc the Demonic Blade (Demonspawn Monk)           Turns: 4678, Time: 00:20:48

Health: -21/128    AC: 25    Str: 36    XL:     14   Next: 18%
Magic:  14/14      EV: 27    Int: 27    God:    Cheibriados [******]
Gold:   1740       SH:  0    Dex: 35    Spells: 13/13 levels left

rFire    . . .     SeeInvis +   q - +4 scimitar (flame)
rCold    . . .     Gourm    .   (no shield)
rNeg     + . .     Faith    .   E - +2 plate armour
rPois    +         Spirit   .   (helmet unavailable)
rElec    .         Reflect  .   G - +0 cloak {MR+}
rCorr    .         Harm     .   z - +0 pair of gloves
MR       +++..     NoTele   +   F - +1 pair of boots {Stlth+}
Stlth    +++.......             (no amulet)
HPRegen  0.31/turn              B - ring of protection from magic
MPRegen  0.14/turn              j - ring of poison resistance

@: mighty, invisible, very slow
A: antennae 3, thin skeletal structure 2, negative energy resistance 1,
nightstalker 2, 50% torment resistance
a: Bend Time, Temporal Distortion, Slouch, Step From Time, Renounce Religion


You were in the Dungeon.
You worshipped Cheibriados.
Cheibriados was exalted by your worship.
You were not hungry.

You visited 1 branch You collected 1920 gold pieces.
You spent 180 gold pieces at shops.

Inventory:

Hand Weapons
 n - a +2 scimitar of electrocution
 q - a +4 scimitar of flaming (weapon)
Missiles
 o - 25 arrows
Armour
 p - a +0 hat of magic resistance
 z - a +0 pair of gloves (worn)
 E - a +2 plate armour (worn)
 F - a +1 pair of boots of stealth (worn)
 G - a +0 cloak of magic resistance (worn)
Jewellery
 j - a ring of poison resistance (right hand)
 B - a ring of protection from magic (left hand)
 C - an uncursed ring of protection from cold
Wands
 m - a wand of acid (10)
Scrolls
 i - 4 scrolls of blinking
 k - 3 scrolls of remove curse
 l - 2 scrolls of amnesia
 t - 2 scrolls of fear
 u - 8 scrolls of enchant weapon
 v - a scroll of identify
 w - 2 scrolls of enchant armour
 y - a scroll of magic mapping
Potions
 a - a potion of resistance {unknown}
 b - a potion of brilliance
 d - 8 potions of curing
 f - a potion of might
 g - 4 potions of magic
 s - a potion of cancellation
 I - a potion of agility
Comestibles
 c - 10 rations
 r - a chunk of flesh


   Skills:
 + Level 17.5 Fighting
 * Level 21.6 Long Blades
 + Level 16.1 Armour
 + Level 16.3 Dodging
 - Level 1.7 Stealth


You had 13 spell levels left.
You didn't know any spells.
Your spell library was empty.

Dungeon Overview and Level Annotations

Branches:
Dungeon (1/1)

Altars:
Cheibriados
Dithmenos
Elyvilon
Fedhas
Gozag
Hepliaklqana
Kikubaaqudgha
Makhleb
Nemelex Xobeh
Okawaru
Qazlal
Ru
Sif Muna
Trog
Uskayaw
Vehumet
Wu Jian
Xom
Yredelemnul
Zin
The Shining One
Beogh
Jiyva
Lugonu

Shops:
D =!(*


Innate Abilities, Weirdness & Mutations

You have a pair of large antennae on your head. (SInv)
You have a moderately thin skeletal structure. (Dex +4, Stealth+)
You resist negative energy. (rN+)
You are significantly more attuned to the shadows.
You are somewhat able to resist unholy torments (1 in 2 success).


Message History

The frost giant is almost dead.
The frost giant casts a spell at you. The bolt of cold misses you.
The sphinx casts a spell.
Something smites you!
* * * LOW HITPOINT WARNING * * *
You feel much better.
The frost giant hits you with a +1 battleaxe of freezing!!
* * * LOW HITPOINT WARNING * * *
The frost giant freezes you!
* * * LOW HITPOINT WARNING * * *
You feel much better.
The frost giant hits you with a +1 battleaxe of freezing!!
* * * LOW HITPOINT WARNING * * *
The frost giant freezes you!
* * * LOW HITPOINT WARNING * * *
You fade into invisibility!
The frost giant casts a spell at you. The bolt of cold hits you!!!
You die...

{▓.▓.▓.▓.▓.▓'▓.▓.
{▓.▓.▓.▓[▓.▓.▓.▓.
▓.▓'▓.▓[▓.▓.▓.▓. {
▓.▓.♣†♣.▓.▓.▓.▓.▓.
▓.▓.♣.♣)▓.▓.▓.▓.▓÷
▓H▓.♣.♣p▓)▓.▓.▓.▓.
▓u▓.♣.♣.▓.▓.▓)▓.▓'
{
▓C▓.♣.♣.▓)▓.▓.▓.▓.
▓@▓.♣.♣.▓)▓.▓.▓.▓.
▓(▓.♣.♣.▓)▓.▓.▓.▓.
▓)▓.♣.♣.▓)▓.▓)▓.▓.
▓(▓.♣.♣.▓)▓.▓)▓.▓.
▓.▓.♣'♣.▓)▓.▓[▓.▓.
▓.▓.▓)▓.▓"▓.▓[▓.▓.
▓.▓.▓.▓.▓.▓.▓'▓.▓.
▓.▓.▓.▓.▓.▓)▓.▓.▓.
▓.▓.▓.▓.▓.▓.▓.▓.▓.


You could see a frost giant, a red very ugly thing and a sphinx.

Vanquished Creatures
  A tentacled monstrosity (D)
  Gastronok (D)
  Kirke (D)
  A thorn hunter (D)
  A fire giant (D)
  A frost giant (D)
  2 very ugly things (D)
  Azrael (D)
  2 spark wasps (D)
  An ettin (D)
  Snorg (D)
  Erolcha (D)
  A merfolk impaler (D)
  A fire dragon (D)
  A yaktaur captain (D)
  An ice dragon (D)
  A rakshasa (D)
  A hydra (D)
  6 two-headed ogres (D)
  A shambling mangrove (D)
  A centaur warrior (D)
  Erica (D)
  2 alligators (D)
  An anaconda (D)
  2 ogre magi (D)
  2 deep troll shamans (D)
  A naga sharpshooter (D)
  Nergalle (D)
  A spriggan druid (D)
  A glowing orange brain (D)
  A sea snake (D)
  A swamp dragon (D)
  A naga ritualist (D)
  An orc knight (D)
  An orb spider (D)
  An orc sorcerer (D)
  A manticore (D)
  A salamander (D)
  A cyclops (D)
  A merfolk siren (D)
  2 moths of wrath (D)
  2 black mambas (D)
  4 naga magi (D)
  2 gargoyles (D)
  3 spiny frogs (D)
  A komodo dragon (D)
  A yaktaur (D)
  A demonic crawler (D)
  A troll (D)
  A jumping spider (D)
  2 tengu conjurers (D)
  2 wind drakes (D)
  4 polar bears (D)
  A hornet (D)
  2 blink frogs (D)
  A tyrant leech (D)
  2 hippogriffs (D)
  A redback (D)
  A tarantella (D)
  A wyvern (D)
  A yak (D)
  4 fire elementals (D)
  A hog (D)
  2 water elementals (D)
  A vampire mosquito (D)
  2 porcupines (D)
  2 hell hounds (D)
  10 orc warriors (D)
  5 black bears (D)
  7 ogres (D)
  4 crocodiles (D)
  2 centaurs (D)
  A wolf (D)
  3 bullfrogs (D)
  A wight (D)
  A crimson imp (D)
  A hound (D)
  A jelly (D)
  An orc priest (D)
  A worker ant (D)
  6 orc wizards (D)
  A gnoll (D)
  An adder (D)
  An adder skeleton (D)
  9 orcs (D)
  A ball python (D)
  A bat skeleton (D)
  A goblin (D)
  A hobgoblin (D)
  A jackal (D)
  A ball python zombie (D)
  2 frilled lizards (D)
162 creatures vanquished.

Vanquished Creatures (others)
  3 humans (D)
3 creatures vanquished.

Grand Total: 165 creatures vanquished

Notes
Turn   | Place    | Note
-------+----------+-------------------------------------------
     0 | D        | Lanoc the Demonspawn Monk began the quest for the Orb.
     0 | D        | Reached XP level 1. HP: 18/18 MP: 1/1
     7 | D        | Reached skill level 3 in Long Blades
    11 | D        | Reached skill level 1 in Armour
   150 | D        | Noticed a worker ant
   155 | D        | Gained mutation: You have a somewhat thin skeletal
                  | structure. (Dex +2, Stealth) [demonic ancestry]
   155 | D        | Reached XP level 2. HP: 25/25 MP: 2/2
   159 | D        | Reached skill level 4 in Long Blades
   159 | D        | Reached XP level 3. HP: 30/30 MP: 3/3
   171 | D        | Found a roughly hewn altar of Beogh.
   171 | D        | Found a snail-covered altar of Cheibriados.
   171 | D        | Found a shadowy altar of Dithmenos.
   171 | D        | Found a white marble altar of Elyvilon.
   171 | D        | Found a blossoming altar of Fedhas.
   171 | D        | Found an opulent altar of Gozag.
   172 | D        | Found a hazy altar of Hepliaklqana.
   173 | D        | Found a viscous altar of Jiyva.
   174 | D        | Found an ancient bone altar of Kikubaaqudgha.
   175 | D        | Became a worshipper of Cheibriados the Contemplative
   175 | D        | Reached * piety under Cheibriados
   175 | D        | Reached ** piety under Cheibriados
   176 | D        | Found a corrupted altar of Lugonu.
   177 | D        | Found a burning altar of Makhleb.
   178 | D        | Found a sparkling altar of Nemelex Xobeh.
   179 | D        | Found an iron altar of Okawaru.
   180 | D        | Found a stormy altar of Qazlal.
   181 | D        | Found a sacrificial altar of Ru.
   182 | D        | Found a deep blue altar of Sif Muna.
   183 | D        | Found a bloodstained altar of Trog.
   184 | D        | Found a hide-covered altar of Uskayaw.
   185 | D        | Found a radiant altar of Vehumet.
   186 | D        | Found an ornate altar of the Wu Jian Council.
   187 | D        | Found a shimmering altar of Xom.
   188 | D        | Found a basalt altar of Yredelemnul.
   189 | D        | Found a glowing silver altar of Zin.
   190 | D        | Found a glowing golden altar of the Shining One.
   343 | D        | Noticed a centaur
   343 | D        | Noticed an orc warrior
   343 | D        | Noticed a hippogriff
   343 | D        | Noticed a centaur
   349 | D        | Killed a centaur
   349 | D        | Reached skill level 5 in Fighting
   349 | D        | Reached skill level 6 in Long Blades
   349 | D        | Reached XP level 4. HP: 18/39 MP: 4/4
   355 | D        | Killed a hippogriff
   355 | D        | Reached skill level 7 in Long Blades
   355 | D        | Reached skill level 5 in Armour
   355 | D        | Reached skill level 5 in Dodging
   355 | D        | Gained mutation: You are slightly more attuned to the
                  | shadows. [demonic ancestry]
   355 | D        | Reached XP level 5. HP: 18/47 MP: 5/5
   355 | D        | Gained mutation: You have a pair of small antennae on your
                  | head. [demonic ancestry]
   355 | D        | Reached XP level 6. HP: 20/53 MP: 6/6
   357 | D        | Killed an orc warrior
   357 | D        | Reached *** piety under Cheibriados
   357 | D        | Reached skill level 8 in Long Blades
   358 | D        | Reached skill level 9 in Long Blades
   361 | D        | Reached **** piety under Cheibriados
   536 | D        | Noticed a hippogriff
   538 | D        | Gained mutation: You have a moderately thin skeletal
                  | structure. (Dex +4, Stealth+) [demonic ancestry]
   538 | D        | Reached XP level 7. HP: 58/60 MP: 7/7
   544 | D        | Killed a hippogriff
   544 | D        | Reached skill level 10 in Long Blades
   545 | D        | Reached ***** piety under Cheibriados
   780 | D        | Noticed a blink frog
   780 | D        | Noticed a spiny frog
   780 | D        | Noticed a spiny frog
   780 | D        | Noticed a komodo dragon
   783 | D        | Noticed a yak
   786 | D        | Killed a komodo dragon
   786 | D        | Reached skill level 11 in Long Blades
   786 | D        | Gained mutation: You have a pair of antennae on your head.
                  | [demonic ancestry]
   786 | D        | Reached XP level 8. HP: 70/70 MP: 8/8
   793 | D        | Killed a spiny frog
   793 | D        | Reached ****** piety under Cheibriados
   799 | D        | Killed a spiny frog
   809 | D        | Reached skill level 12 in Long Blades
   809 | D        | Gained mutation: You resist negative energy. (rN+) [demonic
                  | ancestry]
   809 | D        | Reached XP level 9. HP: 30/78 MP: 9/9
   815 | D        | Reached skill level 10 in Fighting
  1074 | D        | Noticed a black mamba
  1080 | D        | Noticed a polar bear
  1086 | D        | Killed a black mamba
  1086 | D        | Reached skill level 13 in Long Blades
  1092 | D        | Killed a polar bear
  1093 | D        | Reached skill level 10 in Dodging
  1194 | D        | Noticed a polar bear
  1195 | D        | Noticed a polar bear
  1205 | D        | Killed a polar bear
  1205 | D        | Gained mutation: You are somewhat able to resist unholy
                  | torments (1 in 2 success). [demonic ancestry]
  1205 | D        | Reached XP level 10. HP: 87/87 MP: 10/10
  1218 | D        | Reached skill level 10 in Armour
  1233 | D        | Reached skill level 14 in Long Blades
  1599 | D        | Noticed an orc knight
  1608 | D        | Killed an orc knight
  1640 | D        | Noticed an orc sorcerer
  1647 | D        | Noticed a sixfirhy
  1649 | D        | Killed an orc sorcerer
  1917 | D        | Noticed an ogre mage
  1919 | D        | Noticed a two-headed ogre
  1924 | D        | Found Gepsith's General Store.
  1924 | D        | Noticed a two-headed ogre
  1928 | D        | Killed an ogre mage
  1928 | D        | Reached skill level 15 in Long Blades
  1933 | D        | Killed a two-headed ogre
  1933 | D        | Gained mutation: You are significantly more attuned to the
                  | shadows. [demonic ancestry]
  1933 | D        | Reached XP level 11. HP: 77/96 MP: 11/11
  1941 | D        | Killed a two-headed ogre
  1948 | D        | Noticed a two-headed ogre
  1952 | D        | Killed a two-headed ogre
  1961 | D        | Found Tuaq's Antique Weapon Shop.
  1968 | D        | Found Uneproask's Distillery.
  1971 | D        | Found Oquan's Jewellery Shop.
  1974 | D        | Noticed a two-headed ogre
  1974 | D        | Noticed a two-headed ogre
  1979 | D        | Noticed a two-headed ogre
  1980 | D        | Killed a two-headed ogre
  1988 | D        | Killed a two-headed ogre
  1988 | D        | Reached skill level 16 in Long Blades
  1995 | D        | Killed a two-headed ogre
  2173 | D        | Bought a potion of heal wounds for 60 gold pieces
  2173 | D        | Bought 2 potions of heal wounds for 120 gold pieces
  2239 | D        | Noticed Gastronok
  2252 | D        | Killed Gastronok
  2322 | D        | Noticed Erica
  2328 | D        | Killed Erica
  2590 | D        | Noticed a four-headed hydra
  2597 | D        | Killed a one-headed hydra
  2597 | D        | Reached skill level 17 in Long Blades
  2609 | D        | Gained mutation: You have a pair of large antennae on your
                  | head. (SInv) [demonic ancestry]
  2609 | D        | Reached XP level 12. HP: 104/106 MP: 12/12
  2610 | D        | Noticed a deep troll shaman
  2610 | D        | Noticed an ettin
  2615 | D        | Noticed a fire dragon
  2616 | D        | Killed a deep troll shaman
  2620 | D        | Killed an ettin
  2621 | D        | Noticed a cyan very ugly thing
  2621 | D        | Noticed a cyan very ugly thing
  2624 | D        | Noticed a deep troll shaman
  2630 | D        | Killed a fire dragon
  2640 | D        | Killed a green very ugly thing
  2647 | D        | Killed a green very ugly thing
  2647 | D        | Reached skill level 18 in Long Blades
  2651 | D        | Killed a deep troll shaman
  2957 | D        | Noticed Snorg
  2958 | D        | Noticed Erolcha
  2965 | D        | Killed Snorg
  2968 | D        | Killed Erolcha
  3054 | D        | Noticed Kirke
  3064 | D        | Killed Kirke
  3064 | D        | Reached skill level 15 in Fighting
  3083 | D        | Noticed Azrael
  3106 | D        | Killed Azrael
  3210 | D        | Noticed Nergalle
  3221 | D        | Killed Nergalle
  3249 | D        | Noticed an alligator
  3249 | D        | Noticed an alligator
  3252 | D        | Noticed a thorn hunter
  3253 | D        | Killed an alligator
  3253 | D        | Reached skill level 19 in Long Blades
  3256 | D        | Killed an alligator
  3256 | D        | Reached XP level 13. HP: 100/116 MP: 13/13
  3278 | D        | Killed a thorn hunter
  3582 | D        | Noticed a spark wasp
  3593 | D        | Killed a spark wasp
  3854 | D        | Reached skill level 15 in Dodging
  3864 | D        | Reached skill level 20 in Long Blades
  3893 | D        | Reached skill level 15 in Armour
  4214 | D        | Noticed a merfolk impaler
  4345 | D        | Killed a merfolk impaler
  4605 | D        | Noticed a frost giant
  4615 | D        | Noticed a spark wasp
  4627 | D        | Killed a frost giant
  4627 | D        | Reached skill level 21 in Long Blades
  4628 | D        | Noticed a fire giant
  4637 | D        | Noticed a frost giant
  4638 | D        | Reached XP level 14. HP: 74/128 MP: 14/14
  4650 | D        | Noticed a tentacled monstrosity
  4652 | D        | Noticed a red very ugly thing
  4654 | D        | Noticed a sphinx
  4668 | D        | Killed a tentacled monstrosity
  4671 | D        | Killed a fire giant
  4678 | D        | Killed from afar by a frost giant

Vault maps used:
D:        linesprint

Skill      XL: |  1  2  3  4  5  6  7  8  9 10 11 12 13 14 |
---------------+-------------------------------------------+-----
Long Blades    | 3 4 6 7 9 11 12 13 15 17 19 21 | 21.6
Dodging        | 3 4 5 6 8 9 10 11 12 14 15 16 | 16.3
Armour         | 1 2 3 5 6 7 8 9 11 12 14 15 16 | 16.1
Fighting       | 4 5 6 7 8 9 11 12 13 15 17 | 17.5
Stealth        | |  1.7

Action                   |  1- 3 |  4- 6 |  7- 9 | 10-12 | 13-15 || total
-------------------------+-------+-------+-------+-------+-------++-------
Melee: Falchion          |    20 |       |       |       |       ||    20
       Scimitar          |     5 |    14 |    80 |   275 |   216 ||   590
Invok: Slouch            |       |       |       |       |     1 ||     1
  Use: Potion            |     1 |       |       |     1 |    14 ||    16
 Stab: Sleeping          |       |       |     2 |     4 |       ||     6
       Distracted        |       |       |       |       |     1 ||     1
  Eat: Chunk             |       |       |       |     3 |       ||     3
       Ration            |       |       |       |       |     1 ||     1
Armor: Scale mail        |     3 |    10 |    20 |    12 |       ||    45
       Plate armour      |       |       |       |    45 |    56 ||   101
Dodge: Dodged            |    15 |    13 |    67 |   187 |   166 ||   448
       Rpst.: Falchion   |     2 |       |       |       |       ||     2
       Scimitar          |     2 |     3 |    19 |    34 |    33 ||    91

Table legend:
 A = Non-vault XP
 B = Vault XP
 C = Vault XP percentage of total XP
 D = Non-vault monster count
 E = Vault monster count
 F = Vault count percentage of total count
                 A         B        C        D         E       F
            +---------+---------+-------+---------+---------+-------
      Total |       0 |   71693 | 100.0 |       0 |     162 | 100.0
            +---------+---------+-------+---------+---------+-------
          D |       0 |   71693 | 100.0 |       0 |     162 | 100.0
            +---------+---------+-------+---------+---------+-------
